 Dungeon Crawl Stone Soup version 0.18-a0-750-g37044d6 (webtiles) character file.

98 Ijustatesigmund the Sneak (level 4, -1/27 HPs)
             Began as an Octopode Wizard on Dec 12, 2015.
             Slain by Grinder (10 damage)
             ... while paralysed by Grinder
             ... on level 3 of the Dungeon.
             The game lasted 00:08:00 (2548 turns).

Ijustatesigmund the Sneak (Octopode Wizard)         Turns: 2548, Time: 00:08:00

Health: -1/27      AC:  1    Str:  6    XL:     4   Next: 71%
Magic:  8/8        EV:  2    Int: 21    God:
Gold:   131        SH:  0    Dex: 12    Spells: 4 memorised, 1 level left

rFire  . . .     SeeInvis .     i - +3 dagger
rCold  + . .     Clarity  .     (no shield)
rNeg   . . .     SustAt   .     a - +0 hat
rPois  .         Gourm    .     (no amulet)
rElec  .         Spirit   .     f - ring of protection from cold
rCorr  .         Dismiss  .     g - +2 ring of dexterity
rMut   .         Stasis   .     (no ring)
MR     .....                    (no ring)
Stlth  ++++......               (no ring)
                                (no ring)
                                (no ring)
                                (no ring)

@: paralysed, repel missiles, not resistant to hostile enchantments, stealthy
A: almost no armour, amphibious, 8 rings, constrict 8, camouflage 1, gelatinous
body 1
a: no special abilities


You were on level 3 of the Dungeon.
You were not hungry.

You visited 1 branch of the dungeon, and saw 3 of its levels.

You collected 131 gold pieces.

Inventory:

Hand Weapons
 i - a +3 dagger (weapon)
 l - a +0 short sword
Armour
 a - a +0 hat (worn)
 d - a +0 buckler
Jewellery
 f - a ring of protection from cold (left tentacle)
 g - a +2 ring of dexterity (right tentacle)
Wands
 j - a wand of random effects (32)
Scrolls
 h - a scroll of remove curse
Potions
 e - a potion of curing
Books
 b - a book of Minor Magic

   Spells                             Type                      Level
   a - Magic Dart                     Conjuration                  1
   b - Blink                          Translocation                2
   c - Call Imp                       Summoning                    2
   d - Repel Missiles                 Charms/Air                   2
   e - Slow                           Hexes                        2
   f - Conjure Flame                  Conjuration/Fire             3
   g - Mephitic Cloud                 Conjuration/Poison/Air       3
Comestibles
 c - a bread ration
 k - 2 meat rations
 m - a chunk of flesh


   Skills:
 - Level 1.0 Short Blades
 - Level 2.0 Dodging
 + Level 4.7 Stealth
 - Level 3.0 Spellcasting
 - Level 3.0 Conjurations
   Level 1.0 Summonings
 - Level 1.0 Translocations
 + Level 0.2 Air Magic
 + Level 0.0 Poison Magic


You had one spell level left.
You knew the following spells:

 Your Spells              Type           Power        Failure   Level  Hunger
a - Magic Dart            Conj           ###.         4%          1    None
b - Blink                 Tloc           N/A          14%         2    ##.....
c - Repel Missiles        Chrm/Air       #.....       21%         2    ##.....
d - Mephitic Cloud        Conj/Pois/Air  #.......     30%         3    ###....


Dungeon Overview and Level Annotations

Branches:
Dungeon (3/15)

Altars:
Xom
The Shining One

Annotations:
D:3 Grinder, Sigmund


Innate Abilities, Weirdness & Mutations

You cannot wear most types of armour.
You are amphibious.
You can wear up to eight rings at the same time.
You can use your tentacles to constrict eight enemies at once.
Your skin changes colour to match your surroundings (Stealth).
Your rubbery body absorbs attacks (AC +1).


Message History

There is an open door here.
There is a stone staircase leading down here.
You climb downwards.
Level annotation: Grinder, Sigmund
There is a stone staircase leading up here.
(D) Dungeon
Where to? (Enter - D:3, ? - help)
You see here 5 stones.
A goblin comes into view. It is wielding a dagger.
Grinder shouts!
You see here 14 stones.
Grinder gestures.
Grinder blinks!
You barely miss Grinder. Your grab misses Grinder. Grinder gestures at you.
You suddenly lose the ability to move!
Grinder hits you.
You writhe in agony.
Grinder hits you!
You writhe in agony.
Grinder hits you!
You die...

*,*#..##.#........* #.#
****,,,,
,,*#..##.#........###.#
###*,,,,,
,**#...............##.#
#..,,,,,,
####..####.#######.##.#
#.#**,,,, ......####.####
#.##.# #.# *,,,,
##..#..(.#..(.## #.#..###.#
*,,,,
##.##.##.####..###...#....#
***** #...#.##.##
##............#
#.#...##<.#* ###@.........#
#.##..###..#** #(5..).....#
..###.##*#...# #..........#
....#..# *##.###..........#
.##(#..# #.....[........#
.*#....# #####...........#
.*###.##
#...............### ,* ##.#
#.####..........<.#
,*##..#####)#
##########...##


You could see Grinder.

Vanquished Creatures
  4 adders
  A worm (D:2)
  6 giant geckos
  A giant cockroach (D:2)
  6 goblins
  8 hobgoblins
  10 kobolds
  5 bats
  2 giant newts (D:1)
  3 jackals (D:2)
  A quokka (D:2)
  3 rats
50 creatures vanquished.

Vanquished Creatures (others)
  4 toadstools (D:1)
4 creatures vanquished.

Grand Total: 54 creatures vanquished

Notes
Turn   | Place    | Note
--------------------------------------------------------------
     0 | D:1      | Ijustatesigmund the Octopode Wizard began the quest for the Orb.
     0 | D:1      | Reached XP level 1. HP: 11/11 MP: 4/4
   255 | D:1      | Reached XP level 2. HP: 17/17 MP: 3/6
   259 | D:1      | Learned a level 2 spell: Blink
   262 | D:1      | Learned a level 2 spell: Repel Missiles
   812 | D:2      | Reached XP level 3. HP: 21/21 MP: 7/7
  1088 | D:3      | Noticed Grinder
  1142 | D:3      | Reached skill level 4 in Stealth
  1430 | D:3      | Reached XP level 4. HP: 20/27 MP: 8/8
  1565 | D:3      | Noticed Sigmund
  1794 | D:2      | Found a glowing golden altar of the Shining One.
  1873 | D:2      | Found a faded altar to an unknown god.
  1914 | D:2      | Found a shimmering altar of Xom.
  1920 | D:2      | Reached skill level 1 in Short Blades
  2302 | D:2      | Learned a level 3 spell: Mephitic Cloud
  2545 | D:3      | Paralysed by Grinder for 3 turns
  2548 | D:3      | Slain by Grinder

Vault maps used:
D:1:      ldierk_walled_garden_2
D:2:      xom_butterflies, marbit_many_paths, ecumenical_altar_2
D:3:      first_bread, uniq_grinder, uniq_sigmund

Action                   |  1- 3 |  4- 6 || total
-------------------------+-------+-------++-------
Melee: Unarmed           |     3 |       ||     3
       Short sword       |     6 |     2 ||     8
       Dagger            |       |    14 ||    14
 Cast: Magic Dart        |    56 |    32 ||    88
       Repel Missiles    |     1 |       ||     1
  Use: Scroll            |     3 |     1 ||     4
 Stab: Sleeping          |     2 |     5 ||     7
  Eat: Chunk             |     1 |     2 ||     3
       Fruit             |       |     2 ||     2
